 Dungeon Crawl Stone Soup version 0.21-a0-95-g06f091e (webtiles) character file.

228 Ordine the Magician (level 5, -4/28 HPs)
             Began as a Deep Elf Wizard on July 5, 2017.
             Killed from afar by an orc wizard (9 damage)
             ... with a puff of flame
             ... on level 2 of the Dungeon.
             The game lasted 00:07:56 (3815 turns).

Ordine the Magician (Deep Elf Wizard)               Turns: 3815, Time: 00:07:56

Health: -4/28      AC:  5    Str:  4    XL:     5   Next: 71%
Magic:  4/14       EV: 13    Int: 24    God:
Gold:   189        SH:  0    Dex: 13    Spells: 5/14 levels left

rFire    . . .     SeeInvis .   h - +1 short sword
rCold    . . .     Gourm    .   (no shield)
rNeg     . . .     Faith    .   a - +0 robe
rPois    .         Spirit   .   u - +2 helmet
rElec    .         Reflect  .   (no cloak)
rCorr    +         Harm     .   (no gloves)
MR       .....                  (no boots)
Stlth    +++.......             (no amulet)
HPRegen  0.09/turn              t - ring of resist corrosion
MPRegen  0.14/turn              (no ring)

@: no status effects
A: no striking features
a: no special abilities


You were on level 2 of the Dungeon.
You were not hungry.

You visited 1 branch of the dungeon, and saw 3 of its levels.

You collected 189 gold pieces.

Inventory:

Hand Weapons
 h - a +1 short sword (weapon)
Armour
 a - a +0 robe (worn)
 u - a +2 helmet (worn)
Jewellery
 t - a ring of resist corrosion (left hand)
Scrolls
 e - 2 scrolls of teleportation
 f - a scroll of blinking
 q - 2 scrolls of enchant weapon
 r - a scroll of remove curse
Potions
 g - a potion of brilliance {unknown}
 j - a potion of might
 k - a potion of agility
 l - a potion of curing
 m - a potion of haste
 p - 2 potions of flight
 s - a potion of degeneration {unknown}
Books
 c - a book of Minor Magic

   Spells                             Type                      Level
   a - Magic Dart                     Conjuration                  1
   b - Blink                          Translocation                2
   c - Call Imp                       Summoning                    2
   d - Slow                           Hexes                        2
   e - Conjure Flame                  Conjuration/Fire             3
   f - Mephitic Cloud                 Conjuration/Poison/Air       3
Comestibles
 b - 4 chunks of flesh
 d - 2 bread rations
 i - 2 royal jellies
 n - a meat ration
 o - 2 fruits


   Skills:
 - Level 2.4 Dodging
 + Level 4.1 Stealth
 - Level 5.0 Spellcasting
 * Level 3.7 Conjurations
   Level 1.1 Summonings
 + Level 2.1 Translocations
 + Level 1.4 Fire Magic
 + Level 1.3 Air Magic
 + Level 1.3 Poison Magic


You had 5 spell levels left.
You knew the following spells:

 Your Spells              Type           Power        Failure   Level  Hunger
a - Magic Dart            Conj           ###.         1%          1    None
b - Blink                 Tloc           N/A          5%          2    None
c - Conjure Flame         Conj/Fire      ###.....     9%          3    ##.....
d - Mephitic Cloud        Conj/Pois/Air  ###.....     11%         3    ##.....


Dungeon Overview and Level Annotations

Branches:
Dungeon (3/15)

Altars:


Message History

Aiming: Magic Dart
Press: ? - help, Shift-Dir - straight line, f - leopard gecko
Aim: a leopard gecko (lightly wounded)
The magic dart hits the leopard gecko.
You kill the leopard gecko!
Casting: Magic Dart
Confirm with . or Enter, or press ? or * to list all spells.
You can't see any susceptible monsters within range! (Use Z to cast anyway.) Unknown command.
A magic dart appears from out of thin air!
The magic dart hits something.
Something hits you but does no damage.
You climb upwards.
There is a stone staircase leading down here.
You hit something but do no damage. Something hits you.
You hit something. Something hits you.
* * * LOW HITPOINT WARNING * * *
You hear some strange, mumbled words.
A puff of flame appears from out of thin air!
The puff of flame hits you!
You die...

############## #........>{..#
#..........#@# ## #..........#.#
##.
##..........#.##############)#
####...............(...#.........
.........................######..
###.............#...#..####...#..
#.#........)..#####(......#....
###.#.....>.....# #..####...#..
....#........##.# #..# ##.###.


There were no monsters in sight!

Vanquished Creatures
  An orc priest (D:3)
  Terence (D:3)
  Robin (D:3)
  7 adders
  3 worms (D:2)
  2 dart slugs
  2 leopard geckos
  6 orcs (D:3)
  A giant cockroach (D:2)
  12 goblins
  12 hobgoblins
  6 jackals
  7 kobolds
  A ball python (D:3)
  A ball python skeleton (D:2)
  4 bats
  6 frilled lizards
  6 rats
79 creatures vanquished.

Notes
Turn   | Place    | Note
-------+----------+-------------------------------------------
     0 | D:1      | Ordine the Deep Elf Wizard began the quest for the Orb.
     0 | D:1      | Reached XP level 1. HP: 10/10 MP: 7/7
   395 | D:1      | Reached XP level 2. HP: 15/15 MP: 1/9
   399 | D:1      | Learned a level 2 spell: Blink
  1009 | D:2      | Reached XP level 3. HP: 8/19 MP: 0/11
  1613 | D:2      | Reached skill level 5 in Spellcasting
  1827 | D:2      | Learned a level 3 spell: Conjure Flame
  1831 | D:2      | Learned a level 3 spell: Mephitic Cloud
  1991 | D:2      | Reached XP level 4. HP: 24/24 MP: 2/13
  2793 | D:3      | Noticed Terence
  2800 | D:3      | Killed Terence
  2800 | D:3      | Reached skill level 1 in Air Magic
  2910 | D:3      | Reached XP level 5. HP: 28/28 MP: 11/14
  2997 | D:3      | Noticed Robin
  3014 | D:3      | Reached skill level 1 in Poison Magic
  3134 | D:3      | Killed Robin
  3659 | D:3      | Reached skill level 1 in Fire Magic
  3815 | D:2      | Killed from afar by an orc wizard

Vault maps used:
D:1:      eino_arrival_water_cross
D:2:      first_bread
D:3:      cheibrodos_pilgrimage, uniq_terence, uniq_robin

Skill      XL: |  1  2  3  4  5 |
---------------+----------------+-----
Stealth        | 3 4 |  4.1
Conjurations   | 2 3 |  3.7
Spellcasting   | 5 |  5.0
Translocations | 2 |  2.1
Air Magic      | 1 |  1.3
Poison Magic   | 1 |  1.3
Fire Magic     | 1 |  1.4
Dodging        | |  2.4
Summonings     | |  1.1

Action                   |  1- 3 |  4- 6 || total
-------------------------+-------+-------++-------
Melee: Unarmed           |    13 |       ||    13
       Short sword       |     6 |    15 ||    21
 Cast: Magic Dart        |   102 |   127 ||   229
       Mephitic Cloud    |       |     2 ||     2
  Use: Scroll            |     3 |     7 ||    10
       Potion            |     2 |     1 ||     3
  Eat: Chunk             |     3 |     6 ||     9
Armor: Robe              |     6 |     6 ||    12
Dodge: Dodged            |    37 |    23 ||    60
